Construct Section Command Post
Selects Canadian Shock Battlegroup
Construct Field Infirmary
Selects Offensive Resupply
Selects Canadian Shock Section
Construct Platoon Command Post
6-pounder Anti-tank Gun Team
Selects Incendiary Munitions
Construct Company Command Post
Unlock Bishop Self-propelled Artillery
Bishop Self-propelled Artillery
Unlock Towed 17-pounder Anti-tank Guns
17-pounder Anti-tank Gun Team
Selects Churchill Crocodile Heavy Tank
Churchill Crocodile Heavy Tank